 Dungeon Crawl Stone Soup version 0.26-a0-30-g56b8cd3df0 (webtiles) character file.

Game seed: 5031591331700283480, levelgen mode: deterministic

24711 vurker the Thaumaturge (level 13, 0/121 HPs)
             Began as a Naga Venom Mage on June 1, 2020.
             Was an Elder of Vehumet.
             Slain by a seven-headed hydra (14 damage)
             ... on level 2 of the Lair of Beasts.
             The game lasted 00:32:50 (19671 turns).

vurker the Thaumaturge (Naga Venom Mage)           Turns: 19671, Time: 00:32:51

Health: 0/121      AC: 13    Str: 12    XL:     13   Next: 14%
Magic:  31/38      EV:  9    Int: 25    God:    Vehumet [****..]
Gold:   246        SH:  3    Dex:  7    Spells: 22/36 levels left

rFire    . . .     SeeInvis +   z - +1 dagger (elec)
rCold    . . .     Gourm    .   B - +0 buckler
rNeg     + + +     Faith    .   m - +3 leather armour
rPois    +         Spirit   .   D - +2 helmet
rElec    .         Reflect  .   d - +1 cloak
rCorr    +         Harm     .   (no gloves)
MR       +....                  (no barding)
Stlth    ++........             (no amulet)
HPRegen  0.30/turn              y - ring of Xutoshem {+Inv rN+++ rCorr MP+9 Dex-5}
MPRegen  0.26/turn              h - +6 ring of intelligence

@: very slow
A: large, see invisible, deformed body, poison resistance, slowness 2, slow
metabolism 1, spit poison 1, constrict 1, AC +4
a: Spit Poison, Renounce Religion, Evoke Invisibility


You were on level 2 of the Lair of Beasts.
You worshipped Vehumet.
Vehumet was greatly pleased with you.
You were very hungry.

You visited 3 branches of the dungeon, and saw 15 of its levels.

You collected 891 gold pieces.
You spent 645 gold pieces at shops.

Inventory:

Hand Weapons
 z - a +1 dagger of electrocution (weapon)
   (You took it off an orc wizard on level 10 of the Dungeon)
Missiles
 C - 2 throwing nets (quivered)
Armour
 d - a +1 cloak (worn)
   (You took it off Crazy Yiuf on level 2 of the Dungeon)
 m - a +3 leather armour (worn)
   (You took it off an orc on level 5 of the Dungeon)
 B - a +0 buckler (worn)
   (You took it off a gnoll sergeant on level 6 of the Dungeon)
 D - a +2 helmet (worn)
   (You found it on level 3 of the Lair of Beasts)
Jewellery
 h - a +6 ring of intelligence (right hand)
   (You found it on level 1 of the Dungeon)
 s - an uncursed ring of protection from fire
   (You found it on level 2 of the Lair of Beasts)
 u - an uncursed ring of resist corrosion
   (You found it on level 3 of the Lair of Beasts)
 y - the ring of Xutoshem (left hand) {+Inv rN+++ rCorr MP+9 Dex-5}
   (You acquired it on level 7 of the Dungeon)

   [ring of resist corrosion]

   It affects your dexterity (-5).
   It renders you almost immune to negative energy.
   It affects your magic capacity (+9).
   It lets you turn invisible.
   It provides partial protection from all sources of acid and corrosion.
Wands
 t - a wand of flame (51)
   (You found it on level 7 of the Dungeon)
 x - a wand of acid (8)
   (You found it on level 11 of the Dungeon)
Scrolls
 k - 8 scrolls of remove curse
 n - 6 scrolls of teleportation
 p - 2 scrolls of amnesia
 q - 3 scrolls of magic mapping
 r - a scroll of immolation
Potions
 a - 2 potions of haste
 b - 3 potions of resistance
 c - 3 potions of lignification
 f - 2 potions of mutation
 g - a potion of ambrosia
 i - a potion of magic
 j - 4 potions of brilliance
 l - 2 potions of curing
 o - 2 potions of flight
 v - a potion of invisibility
Comestibles
 e - 26 rations


   Skills:
 + Level 9.6 Fighting
 - Level 1.5 Dodging
 - Level 3.0 Stealth
 - Level 2.4 Shields
 * Level 12.2 Spellcasting
 - Level 3.0 Conjurations
 - Level 1.0 Transmutations
 - Level 2.0 Fire Magic
 * Level 11.3 Ice Magic
 - Level 2.0 Air Magic
 - Level 10.0 Poison Magic


You had 22 spell levels left.
You knew the following spells:

 Your Spells              Type           Power        Failure   Level  Hunger
a - Sting                 Tmut/Pois      ####         1%          1    None
b - Mephitic Cloud        Conj/Pois/Air  #####...     1%          3    None
c - Poisonous Vapours     Pois/Air       #####.       1%          2    None
d - Freeze                Ice            ####         1%          1    None
q - Olgreb's Toxic Radia  Pois           ######..     1%          4    None
w - Ignite Poison         Fire/Tmut/Pois #####...     1%          3    None

Your spell library contained the following spells:

 Spells                   Type           Power        Failure   Level  Hunger
 Conjure Flame            Conj/Fire      ####....     1%          3    None
 Frozen Ramparts          Ice            ######       1%          3    None
 Ozocubu's Armour         Chrm/Ice       #####...     1%          3    None
 Hailstorm                Conj/Ice       ######..     1%          4    None
 Inner Flame              Hex/Fire       ###.....     2%          3    None
 Corona                   Hex            ###....      4%          1    None
 Summon Ice Beast         Ice/Summ       #####...     4%          4    None
 Slow                     Hex            ###.....     8%          2    None
 Portal Projectile        Hex/Tloc       ###...       16%         3    None
 Cause Fear               Hex            ###.......   45%         4    None
 Leda's Liquefaction      Hex/Erth       ###.......   45%         4    None


Dungeon Overview and Level Annotations

Branches:
Dungeon (11/15)            Temple (1/1) D:4            Lair (3/6) D:11
  Snake (0/4) Lair:2          Orc (0/2) D:10
  Swamp: Lair:2-4    Shoals: Lair:2-4

Altars:
Ashenzari
Cheibriados
Dithmenos
Elyvilon
Fedhas
Gozag
Hepliaklqana
Kikubaaqudgha
Makhleb
Nemelex Xobeh
Okawaru
Qazlal
Ru
Sif Muna
Trog
Uskayaw
Vehumet
Wu Jian
Xom
Yredelemnul
Zin
The Shining One

Shops:
D:6 *   D:7 ?   D:9 *   D:10 (


Innate Abilities, Weirdness & Mutations

You cannot wear boots.
Your serpentine skin is tough. (AC +4)
You have supernaturally acute eyesight. (SInv)
Armour fits poorly on your strangely shaped body.
Your system is resistant to poisons. (rPois)
You cover ground very slowly.
You have a slow metabolism.
You can spit poison.
You can use your snake-like lower body to constrict enemies.


Message History

The ball explodes into a vile cloud!
The stinking cloud engulfs you but does no damage.
The stinking cloud engulfs the seven-headed hydra but does no damage.
The seven-headed hydra barely misses you.
The seven-headed hydra bites you! x2
The seven-headed hydra closely misses you.
The seven-headed hydra bites you! x2
The seven-headed hydra bites you but does no damage.
You are standing in a cloud of noxious fumes!
Ignite poison anyway?
Okay, then.
The seven-headed hydra bites you but does no damage. x4
The seven-headed hydra bites you. The seven-headed hydra bites you!
The seven-headed hydra bites you.
You ignite the poison in your surroundings!
The seven-headed hydra is engulfed in blazing flames.
The seven-headed hydra bites you.
The seven-headed hydra bites you but does no damage.
The seven-headed hydra bites you!
* * * LOW HITPOINT WARNING * * *
The seven-headed hydra bites you but does no damage.
The seven-headed hydra bites you!
* * * LOW HITPOINT WARNING * * *
The seven-headed hydra bites you.
* * * LOW HITPOINT WARNING * * *
The seven-headed hydra bites you.
* * * LOW HITPOINT WARNING * * *
Unknown command.
Unknown command.
Aim: a seven-headed hydra (flame, moderately wounded)
The bolt of acid misses the seven-headed hydra.
The seven-headed hydra is engulfed in blazing flames.
The seven-headed hydra closely misses you.
You block the seven-headed hydra's attack.
The seven-headed hydra bites you.
* * * LOW HITPOINT WARNING * * *
The seven-headed hydra bites you.
* * * LOW HITPOINT WARNING * * *
The seven-headed hydra bites you!
* * * LOW HITPOINT WARNING * * *
The seven-headed hydra bites you.
* * * LOW HITPOINT WARNING * * *
The seven-headed hydra barely misses you.
Aim: a seven-headed hydra (flame, heavily wounded)
The bolt of acid hits the seven-headed hydra!
The seven-headed hydra is splashed with acid.
The acid corrodes the seven-headed hydra!
The seven-headed hydra is engulfed in blazing flames.
The seven-headed hydra bites you but does no damage.
The seven-headed hydra bites you!
You die...

#...# #...#......+....
##..######...#P.#.#.....
#..#.#..#..............
##.................≈.≈≈≈
#P...#.####.....≈≈≈≈≈≈≈.
#....### #.......≈≈≈≈..
##...## #......≈≈≈..≈.
#.....#####○○.....P.#...
##.....@D☼.○○........##.
##^...###○###○#.....###..
#....)# ### ####..#...#..
###...# #......P#..
#P...## ##...#..###
#.....# #÷...#....
#P...## #.........
#....#### ## ##.........
##...P.##.#.##..........


You could see a seven-headed hydra (corroded).

Vanquished Creatures
  Gastronok (D:9)
  A two-headed ogre (D:11)
  An ugly thing (D:11)
  2 oklob plants (D:11)
  4 elephants (Lair:2)
  Maurice (D:9)
  2 black mambas
  A centaur skeleton (D:10)
  5 spiny frogs
  Maggie (Lair:2)
  A rime drake (Lair:3)
  A komodo dragon (Lair:3)
  10 polar bears
  7 blink frogs
  A hippogriff (Lair:3)
  Sigmund (D:2)
  A vampire (D:10)
  A redback (shapeshifter) (D:10)
  2 wyverns
  2 hungry ghosts
  29 yaks
  A basilisk (Lair:2)
  A steam dragon (D:10)
  3 nagas (Lair:2)
  Edmund (D:4)
  2 porcupines (Lair:1)
  7 orc warriors
  2 water moccasins
  8 black bears
  2 ice beasts
  5 sky beasts
  A phantom (D:10)
  7 ogres
  6 centaurs
  4 crocodiles
  19 bullfrogs
  2 gnoll sergeants
  13 killer bees
  2 scorpions
  4 crimson imps
  2 hounds
  Crazy Yiuf (D:2)
  7 jellies
  A bullfrog skeleton (D:6)
  An orc priest (D:10)
  8 orc wizards
  2 iguanas (D:10)
  5 worker ants
  A killer bee zombie (D:7)
  2 hound skeletons
  A mummy (D:8)
  A worker ant zombie (D:10)
  13 gnolls
  6 adders
  3 shadow imps
  6 oozes
  An adder zombie (D:6)
  An adder skeleton (D:5)
  2 worms
  A dart slug (D:3)
  3 leopard geckos
  31 orcs
  6 giant cockroaches
  9 goblins
  3 hobgoblins (D:1)
  22 jackals
  7 quokkas
  2 ball pythons
  A ball python skeleton (D:4)
  4 bats
  5 frilled lizards
  A jackal zombie (D:6)
  4 kobolds
  A quokka zombie (D:7)
  5 rats
  A spectral orc (D:8)
  4 plants (D:11)
339 creatures vanquished.

Vanquished Creatures (others)
  A fungus (Lair:3)
  3 plants (Lair:3)
4 creatures vanquished.

Grand Total: 343 creatures vanquished

Notes
Turn   | Place    | Note
-------+----------+-------------------------------------------
     0 | D:1      | vurker the Naga Venom Mage began the quest for the Orb.
     0 | D:1      | Reached XP level 1. HP: 15/15 MP: 3/3
   187 | D:1      | Reached XP level 2. HP: 2/24 MP: 0/5
   198 | D:1      | Learned a level 2 spell: Poisonous Vapours
  1007 | D:1      | Reached XP level 3. HP: 12/30 MP: 0/6
  1019 | D:1      | Learned a level 3 spell: Ignite Poison
  1482 | D:1      | Reached skill level 1 in Fighting
  2016 | D:2      | Reached skill level 1 in Air Magic
  2177 | D:2      | Noticed Sigmund
  2189 | D:2      | Killed Sigmund
  2189 | D:2      | Reached skill level 3 in Spellcasting
  2189 | D:2      | Reached skill level 1 in Fire Magic
  2189 | D:2      | Reached skill level 5 in Poison Magic
  2189 | D:2      | Reached XP level 4. HP: 32/39 MP: 1/8
  2189 | D:2      | Reached XP level 5. HP: 37/45 MP: 1/9
  2366 | D:2      | Found an ornate altar of the Wu Jian Council.
  2655 | D:2      | Found a runed translucent door.
  2660 | D:2      | Learned a level 3 spell: Mephitic Cloud
  2660 | D:2      | Noticed Crazy Yiuf
  2675 | D:2      | Killed Crazy Yiuf
  2675 | D:2      | Reached XP level 6. HP: 8/52 MP: 0/10
  3649 | D:3      | Reached skill level 1 in Conjurations
  3999 | D:3      | Found a hide-covered altar of Uskayaw.
  4336 | D:4      | Noticed Edmund
  4344 | D:4      | Killed Edmund
  4344 | D:4      | Reached XP level 7. HP: 61/61 MP: 1/12
  4434 | D:4      | Reached skill level 4 in Spellcasting
  5354 | D:4      | Found a staircase to the Ecumenical Temple.
  5369 | Temple   | Entered the Ecumenical Temple
  5450 | D:4      | Learned a level 4 spell: Olgreb's Toxic Radiance
  5500 | D:4      | Reached XP level 8. HP: 33/69 MP: 4/14
  6035 | D:5      | Entered Level 5 of the Dungeon
  6049 | D:5      | Found a bloodstained altar of Trog.
  6069 | D:5      | Found a sacrificial altar of Ru.
  6175 | D:5      | Reached skill level 5 in Spellcasting
  6249 | D:5      | Found a shimmering blue altar of Sif Muna.
  6250 | D:5      | Found an ancient bone altar of Kikubaaqudgha.
  6362 | D:5      | Found a sparkling altar of Nemelex Xobeh.
  6362 | D:5      | Found a radiant altar of Vehumet.
  6400 | D:5      | Became a worshipper of Vehumet
  6757 | D:6      | Reached skill level 6 in Spellcasting
  7028 | D:6      | Reached XP level 9. HP: 69/78 MP: 13/18
  7497 | D:6      | Learned a level 1 spell: Freeze
  7709 | D:6      | Noticed an angel
  7711 | D:6      | Found Naunwonn's Hallowed Reliquary.
  7713 | D:6      | Found a glowing golden altar of the Shining One.
  7725 | D:6      | Found a shattered altar of Ashenzari.
  7824 | D:7      | Found a white marble altar of Elyvilon.
  7868 | D:7      | Reached skill level 10 in Poison Magic
  7882 | D:7      | Reached skill level 5 in Fighting
  7882 | D:7      | Reached skill level 1 in Ice Magic
  7898 | D:7      | Reached skill level 7 in Spellcasting
  8301 | D:7      | Found Vaplist's Magic Scroll Shop.
  8660 | D:7      | Reached XP level 10. HP: 89/91 MP: 13/21
  9094 | D:8      | Reached * piety under Vehumet
  9094 | D:8      | Offered knowledge of Foxfire by Vehumet.
  9097 | D:8      | Reached skill level 8 in Spellcasting
  9343 | D:8      | Found a basalt altar of Yredelemnul.
  9552 | D:8      | Got a shimmering robe
  9563 | D:8      | Identified the +1 robe of the Morning Star {rN+ Str+4} (You
                  | found it on level 8 of the Dungeon)
  9674 | D:8      | Reached skill level 5 in Ice Magic
  9865 | D:8      | Found a snail-covered altar of Cheibriados.
 10969 | D:9      | Found a burning altar of Makhleb.
 10983 | D:9      | Noticed Maurice
 10991 | D:9      | Killed Maurice
 11162 | D:9      | Found Hoshroc's Assorted Antiques.
 11165 | D:9      | Bought a scroll labeled DUCOMO REOMOMM for 21 gold pieces
 11338 | D:9      | Noticed Gastronok
 11346 | D:9      | Killed Gastronok
 11346 | D:9      | Reached skill level 9 in Spellcasting
 11346 | D:9      | Reached XP level 11. HP: 41/100 MP: 18/24
 11581 | D:10     | Entered Level 10 of the Dungeon
 11581 | D:10     | Found a staircase to the Orcish Mines.
 12042 | D:10     | Found Ofefusk's Weapon Shoppe.
 12247 | D:10     | Reached ** piety under Vehumet
 12391 | D:10     | Offered knowledge of Sandblast by Vehumet.
 12594 | D:10     | Noticed a glowing shapeshifter
 12594 | D:10     | an orc wizard changed into a glowing shapeshifter
 12594 | D:10     | Noticed a deep troll
 12594 | D:10     | a glowing shapeshifter changed into a deep troll
 12595 | D:10     | Noticed a faun
 12595 | D:10     | a deep troll changed into a faun
 12595 | D:10     | a faun changed into a redback
 13026 | D:10     | Reached skill level 10 in Spellcasting
 13265 | D:11     | Noticed a brown ugly thing
 13274 | D:11     | Noticed a two-headed ogre
 13279 | D:11     | Killed a brown ugly thing
 13287 | D:11     | Killed a two-headed ogre
 13631 | D:11     | Offered knowledge of Dazzling Flash by Vehumet.
 13727 | D:11     | Noticed an oklob plant
 13969 | D:11     | Found a staircase to the Lair.
 13975 | D:11     | Noticed an oklob plant
 14334 | D:11     | Killed an oklob plant
 14596 | D:11     | Killed an oklob plant
 14734 | D:7      | Bought a scroll of acquirement for 624 gold pieces
 14735 | D:7      | Got the ring of Xutoshem {+Inv rN+++ rCorr MP+9 Dex-5}
 14875 | Lair:1   | Entered Level 1 of the Lair of Beasts
 14879 | Lair:1   | Reached XP level 12. HP: 104/111 MP: 22/26
 15923 | Lair:1   | Reached *** piety under Vehumet
 15923 | Lair:1   | Reached skill level 11 in Spellcasting
 16717 | Lair:2   | Reached skill level 1 in Shields
 16750 | Lair:2   | Reached skill level 10 in Ice Magic
 16750 | Lair:2   | Offered knowledge of Sticky Flame by Vehumet.
 16917 | Lair:2   | Noticed Maggie
 16924 | Lair:2   | Killed Maggie
 17897 | Lair:2   | Found a staircase to the Snake Pit.
 18073 | Lair:2   | You fall into a shaft and drop 1 floor!
 18135 | Lair:3   | Reached **** piety under Vehumet
 18176 | Lair:3   | Offered knowledge of Conjure Flame by Vehumet.
 18536 | Lair:3   | Reached skill level 12 in Spellcasting
 18580 | Lair:3   | Gained mutation: You can use your snake-like lower body to
                  | constrict enemies. [Naga growth]
 18580 | Lair:3   | Reached XP level 13. HP: 100/121 MP: 29/29
 19671 | Lair:2   | Slain by a seven-headed hydra

Illustrated notes

Levels and vault maps discovered:
D:1:      heliophobic_arrival_ceremonial_halls, layout_loops_corners
D:2:      layout_basic, lemuel_round_altar, uniq_crazy_yiuf_cottage,
          uniq_sigmund
D:3:      minmay_angry_zag, layout_basic, eat_drink_and_be_merry_uskayaw,
          first_ration
D:4:      layout_basic, minmay_temple_entry_stoned_glass, serial_bayou,
          serial_bayou_lake_a, serial_bayou_pond_e, serial_bayou_lagoon_a,
          serial_bayou_pond_c, uniq_edmund
D:5:      layout_cave_pools, grunt_temple_overflow_open,
          chequers_temple_overflow_statue_of_worship
D:6:      layout_cave_pools, overflow_temple_1_default, nicolae_good_shop
D:7:      layout_basic, elyvilon_altar_1, serial_shops, kennysheep_little_box
D:8:      layout_loops_corners, yredelemnul_forgotten_temple_becter,
          chei_slow_surprise
D:9:      layout_loops_cross, lightli_temple_of_fire, serial_shops, shop,
          uniq_maurice, uniq_gastronok
D:10:     layout_rooms, orc_david_3, hangedman_little_slice_of_home
D:11:     layout_rooms, dpeg_oklobed_lair
Temple:   eino_temple_lava
Lair:1:   layout_cellular_growth, nicolae_volcano_entry_two_sided,
          beast_lair_carwin_8
Lair:2:   beast_lair_carwin_large_4, layout_chaotic_city,
          palyth_hydra_swamp_entry, minmay_snake_entry_guardpost_small,
          uniq_maggie
Lair:3:   layout_concentric_octagons

Skill      XL: |  1  2  3  4  5  6  7  8  9 10 11 12 |
---------------+-------------------------------------+-----
Fighting       | 1 2 3 4 5 7 8 9 |  9.6
Air Magic      | 2 |  2.0
Spellcasting   | 3 4 6 7 9 10 12 | 12.2
Fire Magic     | 1 2 |  2.0
Poison Magic   | 5 6 7 9 10 | 10.0
Conjurations   | 1 3 |  3.0
Ice Magic      | 4 7 9 11 | 11.3
Shields        | 2 |  2.4
Dodging        | |  1.5
Stealth        | |  3.0
Transmutations | |  1.0

Action                   |  1- 3 |  4- 6 |  7- 9 | 10-12 | 13-15 || total
-------------------------+-------+-------+-------+-------+-------++-------
Melee: Short sword       |    33 |     9 |       |       |       ||    42
       Quarterstaff      |       |    44 |   114 |   108 |       ||   266
       Dagger            |       |       |       |    21 |     7 ||    28
       Constrict         |       |       |       |       |     3 ||     3
 Cast: Sting             |    51 |    18 |       |       |       ||    69
       Poisonous Vapours |     4 |    15 |    69 |   142 |    18 ||   248
       Mephitic Cloud    |       |     5 |     6 |    30 |     4 ||    45
       Ignite Poison     |       |     1 |    18 |    66 |    11 ||    96
       Olgreb's Toxic Ra |       |       |     4 |    54 |     4 ||    62
 Abil: Spit Poison       |     2 |       |       |       |       ||     2
Evoke: Wand              |       |       |       |     2 |     2 ||     4
  Use: Scroll            |     4 |     4 |     5 |    15 |     2 ||    30
       Potion            |       |       |       |     2 |       ||     2
 Stab: Confused          |       |     3 |       |       |       ||     3
       Sleeping          |       |     2 |     3 |     1 |       ||     6
       Petrified         |       |       |     4 |     6 |       ||    10
  Eat: Chunk             |     3 |     5 |     9 |    20 |     2 ||    39
       Ration            |       |       |     1 |     2 |       ||     3
Armor: Robe              |     6 |    34 |    24 |       |       ||    64
       Leather armour    |       |       |    21 |    89 |    17 ||   127
Dodge: Dodged            |    31 |    44 |    87 |    85 |    20 ||   267
Block: Buckler           |       |       |       |     9 |     4 ||    13

Table legend:
 A = Non-vault XP
 B = Vault XP
 C = Vault XP percentage of total XP
 D = Non-vault monster count
 E = Vault monster count
 F = Vault count percentage of total count
                 A         B        C        D         E       F
            +---------+---------+-------+---------+---------+-------
      Total |   24410 |   10892 |  30.9 |     281 |      54 |  16.1
            +---------+---------+-------+---------+---------+-------
        D:1 |      55 |       0 |   0.0 |      30 |       0 |   0.0
        D:2 |      49 |     269 |  84.6 |      10 |       2 |  16.7
        D:3 |     140 |       3 |   2.1 |      23 |       1 |   4.2
        D:4 |     695 |     153 |  18.0 |      18 |       1 |   5.3
        D:5 |     443 |       0 |   0.0 |      22 |       0 |   0.0
        D:6 |    1161 |       0 |   0.0 |      26 |       0 |   0.0
        D:7 |    1934 |       0 |   0.0 |      17 |       0 |   0.0
        D:8 |    1153 |      19 |   1.6 |      16 |       2 |  11.1
        D:9 |     832 |    2603 |  75.8 |      17 |       2 |  10.5
       D:10 |    2713 |     691 |  20.3 |      33 |      14 |  29.8
       D:11 |    3637 |    1069 |  22.7 |      22 |       2 |   8.3
     Lair:1 |    1559 |    2141 |  57.9 |       7 |      11 |  61.1
     Lair:2 |    3423 |    3944 |  53.5 |      11 |      19 |  63.3
     Lair:3 |    6616 |       0 |   0.0 |      29 |       0 |   0.0
            +---------+---------+-------+---------+---------+-------
